 Dungeon Crawl Stone Soup version 0.13-a0-1585-g6f4f798 (webtiles) character file.

346 Kae the Chiller (level 5, -5/35 HPs)
             Began as a Demonspawn Ice Elementalist on June 12, 2013.
             Slain by Blork the orc
             ... wielding a cursed -1,-3 orcish long sword
              (7 damage)
             ... on Level 3 of the Dungeon.
             The game lasted 00:08:20 (3522 turns).

Kae the Chiller (Demonspawn Ice Elementalist)       Turns: 3522, Time: 00:08:20

HP  -5/35        AC  7     Str  8      XL: 5   Next: 46%
MP   1/9         EV 14     Int 18      God:
Gold 150         SH  0     Dex 13      Spells:  3 memorised,  1 level left

Res.Fire  : . . .   See Invis. : .   z - +2 dwarf short sword (protect)
Res.Cold  : . . .   Warding    : .   a - +0 robe
Life Prot.: . . .   Conserve   : .   (no shield)
Res.Poison: .       Res.Corr.  : .   (no helmet)
Res.Elec. : .       Clarity    : .   (no cloak)
Sust.Abil.: . .     Spirit.Shd : .   (no gloves)
Res.Mut.  : .       Stasis     : .   (no boots)
Res.Rott. : +       Flight     : .   (no amulet)
Saprovore : + . .                    (no ring)
                                     (no ring)

@: slightly resistant to hostile enchantments, fairly stealthy
A: foul stench 1, saprovore 1, EV +2
a: no special abilities


You were on level 3 of the Dungeon.
You were hungry.

You visited 1 branch of the dungeon, and saw 4 of its levels.

You collected 130 gold pieces.

Inventory:

Hand weapons
 v - a cursed -3,+0 orcish hand axe (quivered)
 y - a cursed -3,+0 orcish hand axe
 z - a +2,+2 dwarven short sword of protection (weapon)
Armour
 a - a +0 robe (worn)
Comestibles
 c - 5 bread rations
 f - a lychee
 p - 13 grapes
 s - a meat ration
Scrolls
 e - 2 scrolls of fog {unknown}
 g - 2 scrolls of enchant weapon II {unknown}
 i - a scroll of curse weapon {unknown}
 m - 3 scrolls of remove curse {unknown}
 n - 2 scrolls of blinking {unknown}
 o - a scroll of enchant armour {unknown}
 t - 2 scrolls of identify {unknown}
 w - a scroll of teleportation {unknown}
 C - a scroll of noise {unknown}
 D - a scroll of magic mapping {unknown}
Jewellery
 q - a cursed ring of teleportation {unknown}
Potions
 h - 2 potions of might {unknown}
 k - a potion of restore abilities {unknown}
 l - a potion of agility {unknown}
 r - a potion of coagulated blood
 u - a potion of speed {unknown}
 x - 2 potions of curing {unknown}
 E - a potion of heal wounds {unknown}
 F - a potion of confusion {unknown}
Books
 b - a book of Frost

   Spells                             Type                      Level
   *Freeze                            Ice                          1
   *Throw Frost                       Conjuration/Ice              2
   *Ozocubu's Armour                  Charms/Ice                   3
   Throw Icicle                       Conjuration/Ice              4
   Summon Ice Beast                   Ice/Summoning                4
   Condensation Shield                Ice                          4
 G - a book of Clouds

   Spells                             Type                      Level
   Mephitic Cloud                     Conjuration/Poison/Air       3
   Conjure Flame                      Conjuration/Fire             3
   Poisonous Cloud                    Conjuration/Poison/Air       6
   Freezing Cloud                     Conjuration/Ice/Air          6
   Ring of Flames                     Charms/Fire                  7


   Skills:
 - Level 2.0 Dodging
 - Level 1.8 Stealth
 - Level 0.1 Unarmed Combat
 + Level 1.7 Spellcasting
 * Level 3.5 Conjurations
 * Level 4.1 Ice Magic


You had one spell level left.
You knew the following spells:

 Your Spells              Type           Power        Failure   Level  Hunger
a - Freeze                Ice            ###.         3%          1    #......
b - Throw Frost           Conj/Ice       ###...       8%          2    ###....
c - Ozocubu's Armour      Chrm/Ice       #.........   24%         3    ####...


Dungeon Overview and Level Annotations

Branches:
Dungeon (4/27)
 Temple: D:4-7

Altars:

Annotations
D:3 exclusion: skeleton, Blork the orc


Innate Abilities, Weirdness & Mutations

You are surrounded by a mild repulsion field (EV +2).
You emit a foul stench, and are resistant to rotting and decay.
You can tolerate rotten meat.


Message History

Confirm with . or Enter, or press ? or * to list all spells.
Aiming: Freeze
Press: ? - help, Shift-Dir - straight line, f/p - Blork the orc
Aim: Blork the orc, wielding an orcish long sword and wearing an orcish robe (heavily wounded, moving very quickly)
You freeze Blork the orc.
Blork the orc is severely wounded.
Blork the orc hits you with an orcish long sword.
* * * LOW HITPOINT WARNING * * *
You emit a cloud of foul miasma!
Casting: Freeze
Confirm with . or Enter, or press ? or * to list all spells.
Aiming: Freeze
Press: ? - help, Shift-Dir - straight line, f/p - Blork the orc
Aim: Blork the orc, wielding an orcish long sword and wearing an orcish robe (foul pestilence, severely wounded, moving very quickly)
You freeze Blork the orc.
Blork the orc is severely wounded.
Blork the orc is engulfed in dark miasma.
Blork the orc is poisoned.
Blork the orc seems to slow down.
Blork the orc hits you with an orcish long sword!
You die...

.....#........####.#.############
...#........### #.#.#
.#.......#..######.#.#
.......###.........#.#
...................#.#
....#####..........#.# ###
.....................##########..
....#####............o...........
................@oo..............
....#............................
....#.......####.........#.######
#####.....)..............#.#
............####.........#.######
............####.................
..............##....######.######
..............##....######.######
.................................


You could see Blork the orc and 2 orcs.

Vanquished Creatures
  An iguana (D:3)
  2 worker ants (D:4)
  The ghost of Kae the Chiller, a weakling DsIE (D:3)
  2 adders
  A worm (D:3)
  A giant gecko (D:1)
  An ooze (D:3)
  7 orcs (D:3)
  4 ball pythons
  6 giant cockroaches
  8 hobgoblins
  9 bats
  5 giant newts
  7 goblins
  11 kobolds
  2 quokkas
  11 rats
79 creatures vanquished.

Notes
Turn   | Place    | Note
--------------------------------------------------------------
     0 | D:1      | Kae, the Demonspawn Ice Elementalist, began the quest for the Orb.
     0 | D:1      | Reached XP level 1. HP: 13/13 MP: 3/3
   146 | D:1      | Gained mutation: You can tolerate rotten meat. [demonic ancestry]
   146 | D:1      | Reached XP level 2. HP: 11/19 MP: 2/4
   150 | D:1      | Learned a level 2 spell: Throw Frost
   419 | D:1      | Reached skill level 3 in Ice Magic
  1114 | D:1      | Gained mutation: You are surrounded by a mild repulsion field (EV +2). [demonic ancestry]
  1114 | D:1      | Reached XP level 3. HP: 24/24 MP: 5/5
  2136 | D:3      | Gained mutation: You emit a foul stench, and are resistant to rotting and decay. [demonic ancestry]
  2136 | D:3      | Reached XP level 4. HP: 22/30 MP: 1/7
  2272 | D:3      | Noticed a yak skeleton
  2369 | D:3      | Noticed Kae's ghost (weakling DsIE)
  2834 | D:4      | Noticed Blork the orc
  3003 | D:4      | Reached XP level 5. HP: 35/35 MP: 3/8
  3067 | D:4      | Learned a level 3 spell: Ozocubu's Armour
  3357 | D:3      | Killed Kae's ghost
  3357 | D:3      | Reached skill level 4 in Ice Magic
  3522 | D:3      | Slain by Blork the orc

Action                   |  1- 3 |  4- 6 || total
-------------------------+-------+-------++-------
Melee: Unarmed           |    59 |     4 ||    63
       Short sword       |       |     2 ||     2
 Cast: Freeze            |    89 |    59 ||   148
 Stab: Sleeping          |     3 |     1 ||     4
